AoeStats
← dragonslayer15473

Black Forest

504607028Analyzed
2v2 RM · 26d ago on Sep 5, 2026· 37m 57s· 4 players
Game mode
Random Map
Map size
Medium (4 player)
Population
200
Speed
Normal
Resources
Standard
Victory
Conquest
Starting age
Dark Age
Ending age
Imperial Age
RankedLock teamsTeams togetherTeam positionsShared explorationLock speedFull tech treeHidden civsTurbo modeCheats
Victory
Defeat
🇨🇴 Mongols · Colombia
1016
+15
🇺🇸 Slavs · United States
982
+17
🇺🇸 Japanese · United States
1000
-48
🇺🇸 Poles · United States
1000
-48
deutschehase?
4:50 Loom
10:23 Loom
13:18 Feudal Age
15:54 Town Watch
16:07 Double-Bit Axe
16:07 Horse Collar
17:49 Bloodlines
19:58 Fletching
25:42 Castle Age
27:08 Bow Saw
27:03 Heavy Plow
33:08 Town Patrol
dragonslayer15473
11:04 Loom
14:14 Feudal Age
18:15 Man-at-Arms
20:55 Wheelbarrow
27:48 Man-at-Arms
blueberry
0:27 Loom
12:43 Feudal Age
13:44 Double-Bit Axe
14:22 Horse Collar
14:10 Man-at-Arms
17:42 Forging
18:05 Scale Mail Armor
19:56 Fletching
24:08 Gold Mining
27:49 Castle Age
26:19 Stone Mining
29:32 Wheelbarrow
29:11 Bow Saw
30:00 Iron Casting
31:14 Chain Mail Armor
31:38 Heavy Plow
33:11 Long Swordsman
34:37 Gold Shaft Mining
37:21 Imperial Age
34:44 Pikeman
35:25 Squires
35:52 Hand Cart
38:56 Crop Rotation
38:28 Druzhina
39:33 Blast Furnace
39:03 Plate Mail Armor
6
8:56 Loom
12:13 Loom
14:39 Feudal Age
14:26 Loom
14:33 Loom
15:54 Town Watch
18:37 Castle Age
21:10 Wheelbarrow
22:54 Double-Bit Axe
25:44 Horse Collar
28:26 Heavy Plow
28:41 Bow Saw
28:35 Fletching
29:55 Padded Archer Armor
31:08 Bodkin Arrow
32:46 Leather Archer Armor
32:55 Ballistics
39:00 Imperial Age
Connection lost

Rejoining the realm…

Still unreachable

The connection could not be restored.

Session expired

The server has moved on; the page needs a fresh start.